 Dungeon Crawl Stone Soup version 0.31-a0-986-g5e6e4ef867 (webtiles) character file.

Game seed: 12945654420258657178

20 Iich the Trooper (level 2, 0/24 HPs)
             Began as a Demonspawn Fighter on Nov 23, 2023.
             Succumbed to a kobold's poison
             ... on level 1 of the Dungeon.
             The game lasted 00:02:13 (639 turns).

Iich the Trooper (Demonspawn Fighter)                Turns: 639, Time: 00:02:13

Health: 0/24       AC:  6    Str: 16    XL:     2   Next: 58%
Magic:  2/2        EV:  9    Int:  9    God:
Gold:   0          SH:  5    Dex: 18    Spells: 1/1 levels left

rFire   . . .        a - +0 war axe
rCold   . . .        c - +0 buckler
rNeg    . . .        b - +0 scale mail
rPois   .            (no helmet)
rElec   .            (no cloak)
rCorr   .            (no gloves)
SInv    .            (no boots)
Will    .....        (no amulet) Stlth
                     h - +6 ring of dexterity
HPRegen 0.24/turn    (no ring)
MPRegen 0.16/turn

%: no passive effects
@: lethally poisoned (0 -> -5)
A: magic regeneration
a: no special abilities


You were on level 1 of the Dungeon.
You visited 1 branch of the dungeon, and saw 1 of its levels.

Inventory:

Hand Weapons
 a - a +0 war axe (weapon)
Armour
 b - a +0 scale mail (worn)
 c - a +0 buckler (worn)
Jewellery
 h - a +6 ring of dexterity (left hand)
Scrolls
 e - a scroll of amnesia {unknown}
 f - a scroll of teleportation {unknown}
Potions
 d - a potion of might


   Skills:
 + Level 3.3 Fighting
 + Level 2.2 Axes
 - Level 2.6 Armour
 + Level 1.0 Dodging
 - Level 2.6 Shields


You had one spell level left.
You didn't know any spells.
Your spell library was empty.

Dungeon Overview and Level Annotations

Branches:
Dungeon (1/15)

Altars:


Innate Abilities, Weirdness & Mutations

You regenerate magic rapidly.


Message History

You are more poisoned.
You take 9 damage, and have 11/24 hp. !!!!--MASSIVE DAMAGE--!!!!
* * * LOW HITPOINT WARNING * * *
You feel very sick.
There is an open door here.
You take 5 damage, and have 6/24 hp. !!!!--MASSIVE DAMAGE--!!!!
It was a potion of ambrosia.
You are confused.
You feel invigorated.
* * * LOW HITPOINT WARNING * * *
You feel very sick. The kobold hits you but does no damage.
You are more poisoned.
The kobold closely misses you.
You take 2 damage, and have 4/24 hp.
* * * LOW HITPOINT WARNING * * *
You feel very sick.
You take 2 damage, and have 2/24 hp.
* * * LOW HITPOINT WARNING * * *
You feel very sick. The kobold attacks as it pursues you!
The kobold closely misses you.
You take 1 damage, and have 1/24 hp.
You bump into the rock wall.
* * * LOW HITPOINT WARNING * * *
You feel very sick. The kobold barely misses you.
* * * LOW HITPOINT WARNING * * *
You feel very sick.
You feel less invigorated.
You feel less confused.
* * * LOW HITPOINT WARNING * * *
You feel sick. The kobold attacks as it pursues you!
The kobold hits you but does no damage.
* * * LOW HITPOINT WARNING * * *
You feel sick.
You take 2 damage, and have 2/24 hp.
* * * LOW HITPOINT WARNING * * *
You feel sick.
You take 1 damage, and have 1/24 hp.
You die...

#.# #..# # #...#
#.###.###.# ##'##
#)........# #.#
#..##.##### #.#
#'###.# ##K## #<#
#.# ######...##
#+# #.#
#......K..# #.#
#.####....########
#.#
#.#####@..........
...
.....#...########
#.###.....#
#........##
#######.##
######### #.#
#.......# #.#
#.#####.##### #.#
#.#####.#...#
#.##############


You could see 2 kobolds.

Vanquished Creatures
  2 dart slugs (D:1)
  3 ball pythons (D:1)
  2 endoplasms (D:1)
  A goblin (D:1)
  3 kobolds (D:1)
  A bat (D:1)
  2 frilled lizards (D:1)
  3 rats (D:1)
17 creatures vanquished.

Notes
Turn   | Place    | Note
-------+----------+-------------------------------------------
     0 | D:1      | Iich the Demonspawn Fighter began the quest for the Orb.
     0 | D:1      | Reached XP level 1. HP: 18/18 MP: 1/1
   268 | D:1      | Gained mutation: You regenerate magic rapidly. [demonic
                  | ancestry]
   268 | D:1      | Reached XP level 2. HP: 24/24 MP: 2/2
   317 | D:1      | Reached skill level 1 in Dodging
   633 | D:1      | HP: 1/24 [poisoned by a kobold]
   638 | D:1      | HP: 1/24 [poisoned by a kobold]
   639 | D:1      | Succumbed to a kobold's poison

Illustrated notes

Levels and vault maps discovered:
D:1:      dpeg_arrival_tiny_b, layout_loops_corners, moated_statue

Skill      XL: |  1  2 |
---------------+-------+-----
Axes           | 2 |  2.2
Dodging        | 1 |  1.0
Fighting       | |  3.3
Armour         | |  2.6
Shields        | |  2.6

Action                     || total
---------------------------++-------
  Melee: War axe           ||    52
    Use: Potion            ||     1
 Armour: Scale mail        ||    38
  Dodge: Dodged            ||    20
  Block: Buckler           ||    10

Table legend: (Time is in decaauts)
 A = Elapsed time spent in this place.
 B = Non-inter-level travel time spent in this place.
 C = Inter-level travel time spent in this place.
 D = Time resting spent in this place.
 E = Time spent auto-exploring this place.
 F = Levels seen in this place.
 G = Mean time per level.
                   A        B        C        D        E       F      G
               +--------+--------+--------+--------+--------+-----+--------+
         Total |    661 |    661 |      0 |      0 |    524 |   1 |  661.0 |
       Dungeon |    661 |    661 |      0 |      0 |    524 |   1 |  661.0 |
               +--------+--------+--------+--------+--------+-----+--------+

Top non-repeatable levels by time:
     D:1: 661 daAuts
